 Dungeon Crawl Stone Soup version 0.32-a0-43-g058985b245 (webtiles) character file.

Game seed: 9788067501163509397

56 Atlas the Firebug (level 3, -1/24 HPs)
             Began as a Demonspawn Fire Elementalist on Feb 4, 2024.
             Killed from afar by Sigmund (14 damage)
             ... with a puff of flame
             ... on level 2 of the Dungeon.
             The game lasted 00:02:54 (2663 turns).

Atlas the Firebug (Demonspawn Fire Elementalist)    Turns: 2663, Time: 00:02:55

Health: -1/24      AC:  3    Str:  8    XL:     3   Next: 71%
Magic:  7/7        EV: 16    Int: 17    God:
Gold:   41         SH:  4    Dex: 13    Spells: 4/7 levels left

rFire   . . .        (no weapon)
rCold   . . .        l - +0 buckler
rNeg    . . .        a - +0 robe
rPois   .            (no helmet)
rElec   .            (no cloak)
rCorr   .            d - +0 pair of gloves
SInv    .            (no boots)
Will    .....        (no amulet)
Stlth   ++           m - +5 ring of evasion
HPRegen 0.24/turn    (no ring)
MPRegen 0.10/turn

%: no passive effects
@: no status effects
A: powered by death 1
a: no special abilities


You were on level 2 of the Dungeon.
You visited 1 branch of the dungeon, and saw 2 of its levels.

You collected 41 gold pieces.

Inventory:

Armour
 a - a +0 robe (worn)
 c - an orb of energy
 d - a +0 pair of gloves (worn)
 l - a +0 buckler (worn)
Jewellery
 m - a +5 ring of evasion (left hand)
Scrolls
 g - 2 scrolls of teleportation
 h - a scroll of blinking {unknown}
 i - 3 scrolls of identify {unknown}
 k - a scroll of revelation {unknown}
Potions
 b - a potion of magic
 e - 2 potions of curing {unknown}
 f - a potion of enlightenment {unknown}
 j - a potion of haste {unknown}


   Skills:
 + Level 2.0 Dodging
 - Level 2.0 Stealth
 + Level 2.7 Spellcasting
 + Level 1.7 Conjurations
 + Level 3.2 Fire Magic


You had 4 spell levels left.
You knew the following spells:

 Your Spells              Type           Power      Damage    Failure   Level
a - Scorch                Fire           26%        2d6       12%         2
b - Foxfire               Conj/Fire      40%        2x1d6     11%         1

Your spell library contained the following spells:

 Spells                   Type           Power      Damage    Failure   Level
 Inner Flame              Hex/Fire       7%         N/A       41%         3
 Volatile Blastmotes      Fire/Tloc      14%        2d11      41%         3
 Flame Wave               Conj/Fire      10%        2d6       71%         4


Dungeon Overview and Level Annotations

Branches:
Dungeon (2/15)

Altars:

Annotations:
D:1 1 transporter
D:2 Sigmund


Innate Abilities, Weirdness & Mutations

You regenerate a little health from kills.


Message History

g - Guard the area. f - Follow me.
Anything else - Cancel.
You shout for attention!
You start waiting.
A hobgoblin is nearby!
You conjure some foxfire!
The hobgoblin shouts!
You conjure some foxfire!
The foxfire hits the hobgoblin.
You kill the hobgoblin!
You conjure some foxfire!
Your foxfire dissipates!
Your foxfire dissipates! x3
Your foxfire dissipates!
A bat is nearby!
You miscast Foxfire.
You are very lightly contaminated with residual magic.
Nothing appears to happen.
You miscast Foxfire.
Nothing appears to happen.
You conjure some foxfire!
The bat closely misses you.
The foxfire hits the bat.
You kill the bat!
Your foxfire dissipates!
Your magical contamination has completely faded away.
Magic restored.
There is an open door here.
You see here a +0 sling.
Sigmund mumbles some strange words.
Sigmund flickers and vanishes!
Deactivating autopickup; reactivate with Ctrl-A.
You see here a +0 sling.
You are confused.
You bump into the rock wall.
You're too confused to move!
You bump into the rock wall.
Something hits you.
You bump into the rock wall.
You feel less confused. Something hits you!
A puff of flame appears from out of thin air!
The puff of flame hits you!
Ouch! That really hurt!
You die...

###########.....########
#............. #
#......####### #.
#########.# #.. #.....#
#.# #... #.....# #.#
#.... #.....# #.#
......########.....# #.#
#....{...@.<...# #.#
#################.....#
#.# ..............#
#.....# #.#
#############.# #.....#
#.# #.###.....###.#
#.............#
###############


There were no monsters in sight!

Vanquished Creatures
  2 adders (D:2)
  A ribbon worm (D:2)
  4 endoplasms
  A giant cockroach (D:2)
  A goblin (D:2)
  6 hobgoblins
  5 ball pythons (D:1)
  6 bats
  5 frilled lizards
  3 kobolds
  3 rats (D:1)
37 creatures vanquished.

Vanquished Creatures (collateral kills)
  3 foxfires (D:1)
3 creatures vanquished.

Vanquished Creatures (others)
  129 foxfires
129 creatures vanquished.

Grand Total: 169 creatures vanquished

Notes
Turn   | Place    | Note
-------+----------+-------------------------------------------
     0 | D:1      | Atlas the Demonspawn Fire Elementalist began the quest for
                  | the Orb.
     0 | D:1      | Reached XP level 1. HP: 13/13 MP: 3/3
   358 | D:1      | Gained mutation: You regenerate a little health from kills.
                  | [demonic ancestry]
   358 | D:1      | Reached XP level 2. HP: 19/19 MP: 0/5
   483 | D:1      | Found a faded altar of an unknown god.
  1207 | D:2      | Reached skill level 3 in Fire Magic
  1261 | D:2      | Reached XP level 3. HP: 24/24 MP: 3/6
  1264 | D:2      | Learned a level 2 spell: Scorch
  2287 | D:2      | Noticed Sigmund
  2663 | D:2      | Killed from afar by Sigmund

Illustrated notes

Levels and vault maps discovered:
D:1:      spicycebolla_arrival_risky_transporter, layout_basic,
          nicolae_ecumenical_snake_handling, serial_bayou_pond_d, minmay_tall_x
D:2:      layout_basic, uniq_sigmund

Skill      XL: |  1  2  3 |
---------------+----------+-----
Dodging        | 2 |  2.0
Fire Magic     | 3 |  3.2
Stealth        | 2 |  2.0
Spellcasting   | |  2.7
Conjurations   | |  1.7

Action                     || total
---------------------------++-------
  Melee: Unarmed           ||    15
   Cast: Foxfire           ||    76
         Scorch            ||     4
    Use: Scroll            ||     1
 Armour: Robe              ||    17
  Dodge: Dodged            ||    19
  Block: Buckler           ||     4

Table legend: (Time is in decaauts)
 A = Elapsed time spent in this place.
 B = Non-inter-level travel time spent in this place.
 C = Inter-level travel time spent in this place.
 D = Time resting spent in this place.
 E = Time spent auto-exploring this place.
 F = Levels seen in this place.
 G = Mean time per level.
                   A        B        C        D        E       F      G
               +--------+--------+--------+--------+--------+-----+--------+
         Total |   2663 |   2639 |     24 |    469 |   1833 |   2 | 1331.5 |
       Dungeon |   2663 |   2639 |     24 |    469 |   1833 |   2 | 1331.5 |
               +--------+--------+--------+--------+--------+-----+--------+

Top non-repeatable levels by time:
     D:2: 1468 daAuts
     D:1: 1194 daAuts
